 Dungeon Crawl Stone Soup version 0.21.1-1-g345015fe64 (webtiles) character file.

139 RaHiT the Sneak (level 5, -1/39 HPs)
             Began as a Vampire Assassin on Mar 2, 2018.
             Slain by Duvessa
             ... wielding a +3 vampiric short sword
              (10 damage)
             ... on level 3 of the Dungeon.
             The game lasted 00:06:47 (2479 turns).

RaHiT the Sneak (Vampire Assassin)                  Turns: 2479, Time: 00:06:48

Health: -1/39      AC:  4    Str: 10    XL:     5   Next: 1%
Magic:  5/5        EV: 13    Int: 13    God:
Gold:   87         SH:  0    Dex: 17    Spells: 4/4 levels left

rFire    . . .     SeeInvis +   a - +1 dagger (venom)
rCold    + . .     Gourm    .   (no shield)
rNeg     + + .     Faith    .   c - +0 robe
rPois    +         Spirit   .   (no helmet)
rElec    .         Reflect  .   d - +0 cloak
rCorr    .         Harm     .   n - +0 pair of gloves
MR       .....                  (no boots)
Stlth    ++++......             (no amulet)
HPRegen  0.06/turn              (no ring)
MPRegen  0.09/turn              (no ring)

@: about to teleport, regenerating slowly
A: fangs 3, see invisible, unbreathing
a: Bat Form


You were on level 3 of the Dungeon.
You were thirsty.

You visited 1 branch of the dungeon, and saw 4 of its levels.

You collected 87 gold pieces.

Inventory:

Hand Weapons
 a - a +1 dagger of venom (weapon)
 b - a +0 blowgun
Missiles
 e - 53 poisoned needles
 f - 2 curare-tipped needles
Armour
 c - a +0 robe (worn)
 d - a +0 cloak (worn)
 n - a +0 pair of gloves (worn)
Scrolls
 h - a scroll of random uselessness {unknown}
 i - 2 scrolls of blinking
 j - a scroll of magic mapping
 o - a scroll of remove curse
Potions
 g - 14 potions of blood
 k - 3 potions of might
 l - 3 potions of curing
 m - a potion of ambrosia {unknown}
 p - a potion of heal wounds
 r - a potion of magic
 s - a potion of agility {unknown}
 t - a potion of berserk rage {unknown}


   Skills:
 * Level 2.6 Fighting
 + Level 2.6 Short Blades
 * Level 2.3 Throwing
 * Level 1.4 Armour
 * Level 2.6 Dodging
 + Level 6.3 Stealth


You had 4 spell levels left.
You didn't know any spells.

Dungeon Overview and Level Annotations

Branches:
Dungeon (4/15)
 Temple: D:4-7

Altars:
Ashenzari
Cheibriados
Ru
Xom

Annotations:
D:3 Duvessa


Innate Abilities, Weirdness & Mutations

You heal slowly.
You have razor-sharp teeth.
You have supernaturally acute eyesight. (SInv)
You can survive without breathing.


Message History

You feel agile. The ooze barely misses you.
The frilled lizard hisses angrily.
There is a stone staircase leading up here.
Duvessa hits you with a vampiric short sword!
Duvessa hits you with a vampiric short sword.
The ooze hits you.
The frilled lizard hisses.
You climb upwards.
There is a stone staircase leading down here.
As you read the scroll of teleportation, it crumbles to dust.
You feel strangely unstable.
Duvessa hits you with a vampiric short sword!
* * * LOW HITPOINT WARNING * * *
The ooze jiggles.
The ooze completely misses you.
Unknown command.
Duvessa closely misses you.
Duvessa hits you with a vampiric short sword!
You die...

#.#######.## # #.# #......# # #
######.# #.###..######### #
#......# #.##............ #
#.####.###.#.....######## # #.#
#.....>....## # #
#.####.#.J.....## #
#.#......e.##..# #
#.#.##.#@####..# #
#.#.##.#.......## ##
#......######...## .# ###.####
##.....## ## ## ##...##
##.......## ##.
#########..#..####.........####..
.................+.........'.....
#########.#...#..#.........####..
# #.#.......#.......## ##.


You could see Duvessa (berserk) and an ooze.

Vanquished Creatures
  Dowan (D:4)
  4 adders (D:2)
  An ooze (D:3)
  3 worms
  A dart slug (D:2)
  3 ball pythons (D:1)
  3 bats
  3 giant cockroaches
  2 goblins
  A hobgoblin (D:3)
  3 jackals (D:3)
  3 kobolds (D:2)
  2 quokkas (D:3)
  5 frilled lizards (D:2)
  8 rats
43 creatures vanquished.

Notes
Turn   | Place    | Note
-------+----------+-------------------------------------------
     0 | D:1      | RaHiT the Vampire Assassin began the quest for the Orb.
     0 | D:1      | Reached XP level 1. HP: 16/16 MP: 1/1
   685 | D:2      | Reached XP level 2. HP: 22/22 MP: 2/2
   926 | D:2      | Reached skill level 6 in Stealth
   949 | D:2      | Reached XP level 3. HP: 26/27 MP: 3/3
  1069 | D:2      | Found a shimmering altar of Xom.
  1287 | D:2      | Reached skill level 1 in Armour
  1687 | D:2      | Reached XP level 4. HP: 30/33 MP: 4/4
  1952 | D:3      | Found a sacrificial altar of Ru.
  2079 | D:3      | Found a shattered altar of Ashenzari.
  2278 | D:3      | Found a snail-covered altar of Cheibriados.
  2470 | D:4      | Noticed Duvessa
  2470 | D:4      | Noticed Dowan
  2472 | D:4      | Killed Dowan
  2472 | D:4      | Reached XP level 5. HP: 39/39 MP: 5/5
  2479 | D:3      | Slain by Duvessa

Skill      XL: |  1  2  3 |
---------------+----------+-----
Fighting       | 2 |  2.6
Stealth        | 6 |  6.3
Dodging        | 2 |  2.6
Throwing       | 2 |  2.3
Armour         | 1 |  1.4
Short Blades   | |  2.6

Action                   |  1- 3 |  4- 6 || total
-------------------------+-------+-------++-------
Melee: Dagger            |    69 |    24 ||    93
       Bite              |     5 |     2 ||     7
 Fire: Blowgun           |     6 |       ||     6
  Use: Scroll            |     3 |     3 ||     6
       Potion            |     2 |     4 ||     6
 Stab: Sleeping          |    11 |    10 ||    21
       Distracted        |     1 |     1 ||     2
Armor: Robe              |    23 |     3 ||    26
Dodge: Dodged            |    30 |     8 ||    38
